 Dungeon Crawl Stone Soup version 0.19-a0-975-gfff5315 (webtiles) character file.

283 100P the Slasher (level 6, 38/39 HPs)
             Began as a Demonspawn Gladiator on July 13, 2016.
             Quit the game on level 3 of the Dungeon.
             The game lasted 00:03:33 (3133 turns).

100P the Slasher (Demonspawn Gladiator)             Turns: 3133, Time: 00:03:34

Health: 38/39      AC:  6    Str: 15    XL:     6   Next: 7%
Magic:  6/6        EV: 12    Int:  8    God:
Gold:   151        SH:  0    Dex: 15    Spells: 0 memorised, 5 levels left

rFire  . . .     SeeInvis .     a - +0 long sword
rCold  . . .     Gourm    .     b - +0 leather armour
rNeg   . . .     Faith    .     (no shield)
rPois  .         Spirit   +     c - +0 helmet
rElec  .         Dismiss  .     t - +2 cloak
rCorr  .         Reflect  .     (no gloves)
SustAt .         Harm     +     u - +0 pair of boots
MR     .....     Rnd*Tele +     y - amulet of harm
Stlth  +.........               (no ring)
                                p - ring of teleportation (curse)

@: not resistant to hostile enchantments, very unstealthy
A: talons 2, deformed body, demonic guardian 1, dopey 1, frail 1, magic shield
a: no special abilities


You were on level 3 of the Dungeon.
You were very hungry.

You visited 1 branch of the dungeon, and saw 3 of its levels.

You collected 151 gold pieces.

Inventory:

Hand Weapons
 a - a +0 long sword (weapon)
Missiles
 d - 3 throwing nets (quivered)
Armour
 b - a +0 leather armour (worn)
 c - a +0 helmet (worn)
 n - a +0 cloak
 t - a +2 cloak (worn)
 u - a +0 pair of boots (worn)
Jewellery
 p - a cursed ring of teleportation (left hand)
 y - an amulet of harm (around neck)
Wands
 z - a wand of digging (4/24)
Scrolls
 g - a scroll of teleportation {unknown}
 l - 4 scrolls of identify {unknown}
 q - a scroll of enchant armour {unknown}
 w - a scroll of amnesia {unknown}
 D - a scroll of remove curse {unknown}
Potions
 h - 3 potions of brilliance {unknown}
 i - 2 potions of curing {unknown}
 j - a potion of mutation
 o - 2 potions of heal wounds
 s - a potion of cure mutation {unknown}
 v - a potion of flight {unknown}
 A - 2 potions of haste {unknown}
 B - a potion of cancellation {unknown}
Comestibles
 f - a bread ration
 r - a fruit
 x - a meat ration
 C - a beef jerky


   Skills:
 - Level 2.0 Fighting
 + Level 6.2 Long Blades
 - Level 1.7 Throwing
 - Level 2.6 Dodging


You had 5 spell levels left.
You didn't know any spells.

Dungeon Overview and Level Annotations

Branches:
Dungeon (3/15)

Altars:
Fedhas
Makhleb
Ru
Xom


Innate Abilities, Weirdness & Mutations

You have razor-sharp toenails.
A weak demonic guardian rushes to your aid.
When hurt, damage is shared between your health and your magic reserves.
Armour fits poorly on your strangely shaped body.
You are dopey. (Int -2)
You are frail. (-10% HP)


Message History

The crimson imp is almost dead.
The crimson imp barely misses you.
Your white imp closely misses the crimson imp.
You miss the crimson imp.
The crimson imp is severely wounded.
The crimson imp misses you.
Your white imp barely misses the crimson imp.
You closely miss the crimson imp.
The crimson imp is severely wounded.
The crimson imp hits you but does no damage.
Your white imp gestures at the crimson imp.
The puff of frost hits the crimson imp.
The crimson imp is frozen!
The crimson imp dies!
You have reached level 6!
Your experience leads to an increase in your attributes!
Your base attributes are Str 15, Int 10, Dex 14.
Increase (S)trength, (I)ntelligence, or (D)exterity?
You feel agile.
Your demonic ancestry asserts itself...
You feel your magical essence form a protective shroud around your flesh.
Are you sure you want to abandon this character and quit the game? (Confirm with "yes".)

...# ############# ...#
............####+####..#
...###.....##.......#..#
.......###.####._.###..# #
...##### #.##..5@...#..# ####
...# #.#####'####..# ##...
...#######.# #.........######..##
........##.# #.............##.###
...####.##.###.#..########.......
.######..........## ##.#....
........#........# ###.....##
#####.#..........# #....##...
#............## ####.#......#


You could see a friendly white imp.

Vanquished Creatures
  The ghost of 100P the Slasher, an amateur DsGl (D:3)
  A giant frog skeleton (D:3)
  Natasha (D:2)
  4 adders
  3 gnolls (D:2)
  2 worms (D:2)
  2 dart slugs (D:1)
  An orc (D:3)
  A giant cockroach (D:3)
  8 goblins
  4 hobgoblins
  4 jackals (D:1)
  5 bats
  5 giant newts
  3 kobolds
  9 rats
54 creatures vanquished.

Vanquished Creatures (collateral kills)
  A crimson imp (D:3)
  Natasha (D:2)
  A kobold (D:3)
3 creatures vanquished.

Grand Total: 57 creatures vanquished

Notes
Turn   | Place    | Note
-------+----------+-------------------------------------------
     0 | D:1      | 100P the Demonspawn Gladiator began the quest for the Orb.
     0 | D:1      | Reached XP level 1. HP: 16/16 MP: 1/1
    63 | D:1      | Reached skill level 3 in Long Blades
   137 | D:1      | Gained mutation: A weak demonic guardian rushes to your aid. [demonic ancestry]
   137 | D:1      | Reached XP level 2. HP: 22/22 MP: 2/2
   752 | D:2      | Gained mutation: You have sharp toenails. [demonic ancestry]
   752 | D:2      | Reached XP level 3. HP: 27/27 MP: 3/3
   780 | D:2      | Found a sacrificial altar of Ru.
   857 | D:2      | Reached skill level 4 in Long Blades
  1156 | D:2      | Reached XP level 4. HP: 12/33 MP: 4/4
  1683 | D:2      | Noticed Natasha
  1692 | D:2      | Killed Natasha
  1813 | D:2      | Found a blossoming altar of Fedhas.
  1813 | D:2      | Found a burning altar of Makhleb.
  1967 | D:2      | Reached skill level 5 in Long Blades
  2208 | D:2      | Noticed Natasha
  2214 | D:2      | Killed Natasha
  2323 | D:3      | Found a faded altar of an unknown god.
  2339 | D:3      | Gained mutation: You have razor-sharp toenails. [demonic ancestry]
  2339 | D:3      | Reached XP level 5. HP: 34/38 MP: 5/5
  2404 | D:3      | Noticed 100P's ghost (amateur DsGl)
  2415 | D:3      | Gained mutation: You are dopey. (Int -2) [potion of mutation]
  2415 | D:3      | Gained mutation: You are frail. (-10% HP) [potion of mutation]
  2415 | D:3      | Gained mutation: Armour fits poorly on your strangely shaped body. [potion of mutation]
  2420 | D:3      | Killed 100P's ghost
  2420 | D:3      | Reached skill level 6 in Long Blades
  3123 | D:3      | Found a shimmering altar of Xom.
  3132 | D:3      | Gained mutation: When hurt, damage is shared between your health and your magic reserves. [demonic ancestry]
  3132 | D:3      | Reached XP level 6. HP: 38/39 MP: 6/6
  3133 | D:3      | Quit the game

Vault maps used:
D:1:      saegor_arrival_simple_e
D:2:      gammafunk_temple_overflow_wave, nicolae_ru_path_of_blood,
          minmay_misc_feat_columns, uniq_natasha
D:3:      ecumenical_altar_1, led_xom_imps

Skill      XL: |  1  2  3  4  5 |
---------------+----------------+-----
Long Blades    | 3 4 5 6 |  6.2
Fighting       | |  2.0
Throwing       | |  1.7
Dodging        | |  2.6

Action                   |  1- 3 |  4- 6 || total
-------------------------+-------+-------++-------
Melee: Long sword        |   137 |   102 ||   239
       Kick              |    15 |       ||    15
  Use: Potion            |       |     2 ||     2
 Stab: Distracted        |       |     1 ||     1
  Eat: Chunk             |     1 |     5 ||     6
Armor: Leather armour    |    33 |    25 ||    58
Dodge: Dodged            |    79 |    43 ||   122
